 Dungeon Crawl Stone Soup version 0.29.0-4-gdea44cf6ec (webtiles) character file.

Game seed: 1022149300134804080

9822 qw the Brawler (level 11, -12/106 HPs)
             Began as a Troll Cinder Acolyte on Aug 30, 2022.
             Was a Priest of Ignis.
             Shot with an arrow by a centaur warrior (16 damage)
             ... on level 9 of the Dungeon.
             The game lasted 00:04:36 (7638 turns).

qw the Brawler (Troll Cinder Acolyte)               Turns: 7638, Time: 00:04:36

Health: -12/106    AC: 20    Str: 28    XL:     11   Next: 28%
Magic:  0/11       EV:  9    Int: 10    God:    Ignis [***...]
Gold:   723        SH:  0    Dex:  5    Spells: 12/12 levels left

rFire   + . .      SeeInvis .     - Unarmed
rCold   . . .      Faith    .   (no shield)
rNeg    . . .      Spirit   +   l - +2 acid dragon scales
rPois   .          Reflect  .   (helmet restricted)
rElec   .          Harm     .   n - +1 cloak {Stlth+}
rCorr   +          Rampage  .   (gloves unavailable)
Will    +....                   (boots unavailable)
Stlth   +.........              e - amulet of guardian spirit
HPRegen 1.07/turn               m - ring of willpower
MPRegen 0.12/turn               (no ring)

@: about to teleport, fiery-armoured
A: large, unfitting armour, claws 3, regeneration 1, shaggy fur 1, tough skin 1
a: Renounce Religion, Fiery Armour, Foxfire Swarm, Rising Flame


You were on level 9 of the Dungeon.
You worshipped Ignis.
Ignis was most pleased with you.
You visited 1 branch of the dungeon, and saw 9 of its levels.

You collected 723 gold pieces.


Innate Abilities, Weirdness & Mutations

You are too large for most types of armour.
You have claws for hands.
Your natural rate of healing is unusually fast.
You are covered in fur. (AC +1)
You have tough skin. (AC +1)


   Skills:
 - Level 6.3 Fighting
 - Level 4.0 Throwing
 - Level 3.2 Armour
 - Level 1.1 Dodging
 + Level 15.1 Unarmed Combat
 - Level 1.0 Spellcasting
 - Level 2.1 Fire Magic


You had 12 spell levels left.
You didn't know any spells.
Your spell library contained the following spells:

 Spells                   Type           Power      Damage    Failure   Level
 Scorch                   Fire           8%         2d5       26%         2

Inventory:

Armour
 l - +2 acid dragon scales (worn)
 n - a +1 cloak of stealth (worn)
Jewellery
 a - a ring of ice
 e - an amulet of guardian spirit (around neck)
 f - an amulet of the acrobat
 m - a ring of willpower (left claw)
Scrolls
 j - a scroll of teleportation
 k - 4 scrolls of identify
Potions
 b - 2 potions of might
 c - a potion of haste
 g - a potion of mutation
 h - 5 potions of curing
 i - a potion of heal wounds

Dungeon Overview and Level Annotations

Branches:
Dungeon (9/15)             Temple (0/1) D:5
   Lair: D:8-11         Orc: D:9-12

Altars:
Ashenzari
Cheibriados
Dithmenos
Fedhas
Gozag
Ru
Wu Jian
Yredelemnul
Zin
The Shining One

Annotations:
D:6 1 runed translucent door, qw's ghost, novice TeWr
D:9 3 runed translucent doors, qw's ghost, novice TeWr


Message History

The centaur warrior wields a +0 longbow.
The centaur warrior shoots an arrow.
The arrow hits you!
You mangle the steam dragon!!
The steam dragon is almost dead.
You hear a roar!
You claw the steam dragon!
You kill the steam dragon!
The steam dragon scales are intact enough to wear.
The centaur warrior shoots an arrow.
The arrow hits you!
You eviscerate the centaur warrior!!!
The centaur warrior is severely wounded.
You hear a horrible gurgling sound!
You hear a roar!
You hear a horrible gurgling sound!
You hear a bark!
An unseen horror simulacrum comes into view.
The centaur warrior unwields a +0 longbow.
The centaur warrior wields a +0 broad axe.
The centaur warrior barely misses you. x2
You mangle the centaur warrior!!
You kill the centaur warrior!
Your Armour skill increases to level 3!
Throw: javelin
Press: ? - help, Q - select action Shift-Dir - straight line, f - unseen horror simulacrum You throw a javelin.
The javelin barely misses the unseen horror simulacrum.
A five-headed hydra comes into view.
You mangle the unseen horror simulacrum!!
The unseen horror simulacrum vaporises!
The centaur warrior wields a +0 shortbow.
The centaur warrior shoots an arrow.
The arrow hits you!!
The centaur warrior shoots an arrow.
The arrow hits you!
The centaur warrior shoots an arrow.
The arrow hits you.
You hear a horrible gurgling sound!
The centaur warrior shoots an arrow.
The arrow hits you!!
You see here a +0 robe.
7638 ||| READING 2 scrolls of teleportation.
As you read the scroll of teleportation, it crumbles to dust.
You feel strangely unstable.
The centaur warrior shoots an arrow.
The arrow hits you!
The centaur warrior shoots an arrow.
The arrow hits you!
You die...

.# ### .. ..#
.# #.# #### ..
..#.# #... ..#
.#.# ##.# #..
c.# #... #.c
#.# ###. ..#
#@# ##. #.# #.#
#### ####..
.#D##.######..#
#.....
#.#.#.........#
#.###.
#)#)).####.##.#
#.# #.
#.#.#.####.##.#
#.###.
#.##.........#
#.#...
#.###.#.##.####
#.#.## .D.
#...##.# #.#.#


You could see a centaur warrior.

Vanquished Creatures
  A hydra (D:9)
  2 centaur warriors (D:9)
  A two-headed ogre (D:9)
  Pikel (D:9)
  An ugly thing (D:8)
  Joseph (D:9)
  Maggie (D:6)
  2 hornets
  Sigmund (D:3)
  A shadow (D:9)
  5 yaks
  3 steam dragons
  An unseen horror simulacrum (D:9)
  4 water moccasins
  2 orc warriors (D:9)
  A sky beast (D:4)
  2 ogres
  3 lemures
  2 kobold brigands
  5 bullfrogs
  A scorpion (D:5)
  2 necrophages
  10 wights
  17 killer bees
  5 howler monkeys
  2 jellies
  4 hounds
  5 orc priests
  2 gnoll boudas
  Ijyb (D:3)
  4 iguanas
  6 orc wizards
  9 adders
  20 gnolls
  2 shadow imps
  2 white imps
  3 dart slugs
  24 orcs
  3 endoplasms
  5 giant cockroaches
  4 goblins
  12 hobgoblins
  7 jackals
  4 ball pythons
  6 bats
  2 frilled lizards (D:3)
  13 kobolds
  4 rats
219 creatures vanquished.

Vanquished Creatures (others)
  An orc wizard (D:6)
  9 fungi (D:2)
  8 plants
18 creatures vanquished.

Grand Total: 237 creatures vanquished

Notes
Turn   | Place    | Note
-------+----------+-------------------------------------------
     0 | D:1      | qw the Troll Cinder Acolyte began the quest for the Orb.
     0 | D:1      | Reached XP level 1. HP: 22/22 MP: 1/1
     0 | D:1      | 0 ||| qw: Version: 0.1-a-95-gae9e614
     0 | D:1      | 0 ||| qw: Game counter: 4433
     0 | D:1      | 0 ||| qw: Always use a shield: true
     0 | D:1      | 0 ||| qw: God list: Okawaru
     0 | D:1      | 0 ||| qw: Allow faded altars: false
     0 | D:1      | 0 ||| qw: Do Orc after D:15 true
     0 | D:1      | 0 ||| qw: Do second Lair branch before Depths: true
     0 | D:1      | 0 ||| qw: Lair rune preference: random
     0 | D:1      | 0 ||| qw: Plans: Normal
     0 | D:1      | 0 ||| PLANNING D:1-11
    60 | D:1      | Reached XP level 2. HP: 22/29 MP: 2/2
   340 | D:1      | Reached skill level 4 in Unarmed Combat
   514 | D:1      | 514 ||| Stepping ~*~*~tactically~*~*~ (outnumbered).
   826 | D:1      | Reached XP level 3. HP: 34/36 MP: 3/3
   908 | D:1      | 908 ||| READING scroll labelled YPABLENGAOCE.
   909 | D:1      | 909 ||| READING scroll labelled REDDUINWUCZEX.
   910 | D:1      | 910 ||| READING scroll labelled LEC SEUQEX.
  1046 | D:2      | Found a glowing golden altar of the Shining One.
  1062 | D:2      | 1062 ||| Stepping ~*~*~tactically~*~*~ (stealth).
  1063 | D:2      | 1063 ||| Stepping ~*~*~tactically~*~*~ (stealth).
  1145 | D:2      | Reached XP level 4. HP: 44/44 MP: 4/4
  1342 | D:2      | Found a faded altar of an unknown god.
  1343 | D:2      | 1343 ||| Stepping ~*~*~tactically~*~*~ (stealth).
  1383 | D:2      | 1383 ||| Stepping ~*~*~tactically~*~*~ (outnumbered).
  1384 | D:2      | 1384 ||| Stepping ~*~*~tactically~*~*~ (outnumbered).
  1403 | D:2      | Reached skill level 5 in Unarmed Combat
  1550 | D:2      | 1550 ||| UPGRADING to amulet of guardian spirit.
  1555 | D:2      | 1555 ||| READING 2 scrolls labelled QEIF ISHRESA.
  1559 | D:2      | 1559 ||| READING scroll labelled BETERR QETHUZU.
  1560 | D:2      | 1560 ||| READING scroll of teleportation.
  1599 | D:3      | Noticed Sigmund
  1611 | D:3      | 1611 ||| INVOKING Fiery Armour.
  1617 | D:3      | Killed Sigmund
  1618 | D:3      | Reached skill level 6 in Unarmed Combat
  1618 | D:3      | Reached XP level 5. HP: 28/50 MP: 2/5
  1723 | D:3      | 1723 ||| Stepping ~*~*~tactically~*~*~ (stealth).
  1832 | D:3      | Noticed Ijyb
  1844 | D:3      | Killed Ijyb
  1845 | D:3      | Reached XP level 6. HP: 47/59 MP: 4/6
  2180 | D:3      | Found a faded altar of an unknown god.
  2185 | D:3      | Found a basalt altar of Yredelemnul.
  2349 | D:3      | 2349 ||| DRINKING 3 murky purple potions.
  2350 | D:3      | 2350 ||| DRINKING 2 puce potions.
  2351 | D:3      | 2351 ||| DROPPING potion of brilliance.
  2510 | D:3      | 2510 ||| Stepping randomly (stuck).
  2571 | D:4      | 2571 ||| Stepping ~*~*~tactically~*~*~ (outnumbered).
  2572 | D:4      | 2572 ||| Stepping ~*~*~tactically~*~*~ (outnumbered).
  2573 | D:4      | 2573 ||| Stepping ~*~*~tactically~*~*~ (outnumbered).
  2574 | D:4      | 2574 ||| Stepping ~*~*~tactically~*~*~ (outnumbered).
  2575 | D:4      | 2575 ||| Stepping ~*~*~tactically~*~*~ (outnumbered).
  2576 | D:4      | 2576 ||| Stepping ~*~*~tactically~*~*~ (outnumbered).
  2578 | D:4      | 2578 ||| Stepping ~*~*~tactically~*~*~ (outnumbered).
  2610 | D:4      | Found a sacrificial altar of Ru.
  2626 | D:4      | 2626 ||| Stepping ~*~*~tactically~*~*~ (stealth).
  2633 | D:4      | Reached skill level 7 in Unarmed Combat
  2708 | D:4      | Noticed a sky beast
  2718 | D:4      | Killed a sky beast
  2823 | D:4      | Reached skill level 8 in Unarmed Combat
  2823 | D:4      | Reached XP level 7. HP: 66/66 MP: 7/7
  2879 | D:4      | 2879 ||| INVOKING Fiery Armour.
  3588 | D:4      | 3588 ||| READING 4 scrolls of identify.
  3588 | D:4      | 3588 ||| IDENTIFYING fuming blue potion
  3589 | D:4      | 3589 ||| READING 3 scrolls of identify.
  3589 | D:4      | 3589 ||| IDENTIFYING smoky ruby potion
  3590 | D:4      | 3590 ||| READING 2 scrolls of identify.
  3590 | D:4      | 3590 ||| IDENTIFYING black potion
  3591 | D:4      | 3591 ||| DROPPING potion of degeneration.
  3592 | D:4      | 3592 ||| DROPPING potion of ambrosia.
  3662 | D:3      | 3662 ||| READING scroll of teleportation.
  3723 | D:5      | Entered Level 5 of the Dungeon
  3726 | D:5      | 3726 ||| STAIRDANCE
  3729 | D:4      | Reached skill level 3 in Fighting
  3793 | D:5      | Found a staircase to the Ecumenical Temple.
  3874 | D:5      | Reached skill level 9 in Unarmed Combat
  3880 | D:5      | 3880 ||| Stepping ~*~*~tactically~*~*~ (stealth).
  3881 | D:5      | 3881 ||| Stepping ~*~*~tactically~*~*~ (stealth).
  3884 | D:5      | 3884 ||| Stepping ~*~*~tactically~*~*~ (stealth).
  3885 | D:5      | 3885 ||| Stepping ~*~*~tactically~*~*~ (stealth).
  3889 | D:5      | 3889 ||| Stepping ~*~*~tactically~*~*~ (stealth).
  3890 | D:5      | 3890 ||| Stepping ~*~*~tactically~*~*~ (stealth).
  3917 | D:5      | Reached skill level 1 in Throwing
  3983 | D:5      | Reached skill level 1 in Dodging
  3983 | D:5      | Reached XP level 8. HP: 74/75 MP: 6/8
  4018 | D:5      | 4018 ||| Stepping ~*~*~tactically~*~*~ (stealth).
  4072 | D:5      | 4072 ||| Stepping ~*~*~tactically~*~*~ (hiding).
  4079 | D:5      | 4079 ||| Stepping ~*~*~tactically~*~*~ (hiding).
  4103 | D:5      | 4103 ||| Stepping ~*~*~tactically~*~*~ (stealth).
  4116 | D:5      | 4116 ||| Stepping ~*~*~tactically~*~*~ (stealth).
  4154 | D:5      | 4154 ||| Stepping ~*~*~tactically~*~*~ (stealth).
  4155 | D:5      | 4155 ||| Stepping ~*~*~tactically~*~*~ (stealth).
  4245 | D:5      | Found an ornate altar of the Wu Jian Council.
  4295 | D:5      | 4295 ||| Stepping ~*~*~tactically~*~*~ (hiding).
  4340 | D:5      | 4340 ||| Stepping ~*~*~tactically~*~*~ (stealth).
  4341 | D:5      | 4341 ||| Stepping ~*~*~tactically~*~*~ (stealth).
  4342 | D:5      | 4342 ||| Stepping ~*~*~tactically~*~*~ (stealth).
  4346 | D:5      | 4346 ||| Stepping ~*~*~tactically~*~*~ (stealth).
  4350 | D:5      | 4350 ||| Stepping ~*~*~tactically~*~*~ (stealth).
  4368 | D:5      | Reached skill level 10 in Unarmed Combat
  4405 | D:5      | 4405 ||| READING scroll labelled NAAHAU AZXESCH.
  4406 | D:5      | 4406 ||| READING scroll labelled ENWI JUOWINUI.
  4407 | D:5      | 4407 ||| READING 5 scrolls of identify.
  4407 | D:5      | 4407 ||| IDENTIFYING murky red potion
  4408 | D:5      | 4408 ||| READING 4 scrolls of identify.
  4408 | D:5      | 4408 ||| IDENTIFYING brown potion
  4409 | D:5      | 4409 ||| READING 3 scrolls of identify.
  4409 | D:5      | 4409 ||| IDENTIFYING pink potion
  4410 | D:5      | 4410 ||| READING 2 scrolls of identify.
  4410 | D:5      | 4410 ||| IDENTIFYING yellow potion
  4411 | D:5      | 4411 ||| DROPPING potion of invisibility.
  4451 | D:6      | 4451 ||| STAIRDANCE
  4507 | D:6      | 4507 ||| Stepping ~*~*~tactically~*~*~ (hiding).
  4512 | D:6      | 4512 ||| Stepping ~*~*~tactically~*~*~ (outnumbered).
  4519 | D:6      | 4519 ||| INVOKING Fiery Armour.
  4606 | D:6      | Identified the +2 dagger of Glory {pain, SInv}
  4901 | D:6      | 4901 ||| Stepping ~*~*~tactically~*~*~ (stealth).
  4904 | D:6      | 4904 ||| Stepping ~*~*~tactically~*~*~ (stealth).
  4917 | D:6      | 4917 ||| Stepping ~*~*~tactically~*~*~ (hiding).
  4983 | D:6      | 4983 ||| Stepping ~*~*~tactically~*~*~ (stealth).
  5244 | D:6      | 5244 ||| Stepping ~*~*~tactically~*~*~ (hiding).
  5250 | D:6      | 5250 ||| Stepping ~*~*~tactically~*~*~ (hiding).
  5252 | D:6      | 5252 ||| Stepping ~*~*~tactically~*~*~ (hiding).
  5253 | D:6      | 5253 ||| Stepping ~*~*~tactically~*~*~ (stealth).
  5254 | D:6      | 5254 ||| Stepping ~*~*~tactically~*~*~ (stealth).
  5256 | D:6      | 5256 ||| Stepping ~*~*~tactically~*~*~ (stealth).
  5319 | D:6      | Found a runed translucent door.
  5321 | D:6      | Noticed qw's ghost (novice TeWr)
  5424 | D:6      | Noticed Maggie
  5430 | D:6      | Killed Maggie
  5431 | D:6      | Reached skill level 11 in Unarmed Combat
  5431 | D:6      | Reached XP level 9. HP: 65/84 MP: 5/9
  5543 | D:6      | 5543 ||| UPGRADING to +0 acid dragon scales.
  5553 | D:6      | 5553 ||| DROPPING +0 robe.
  5592 | D:7      | Reached skill level 1 in Armour
  5640 | D:7      | 5640 ||| Stepping ~*~*~tactically~*~*~ (stealth).
  5642 | D:7      | 5642 ||| Stepping ~*~*~tactically~*~*~ (stealth).
  5644 | D:7      | 5644 ||| Stepping ~*~*~tactically~*~*~ (hiding).
  5660 | D:7      | 5660 ||| Stepping ~*~*~tactically~*~*~ (hiding).
  5662 | D:7      | 5662 ||| Stepping ~*~*~tactically~*~*~ (hiding).
  5663 | D:7      | 5663 ||| Stepping ~*~*~tactically~*~*~ (hiding).
  5664 | D:7      | 5664 ||| Stepping ~*~*~tactically~*~*~ (hiding).
  5709 | D:7      | 5709 ||| READING scroll of enchant armour.
  5709 | D:7      | 5709 ||| ENCHANTING +0 acid dragon scales.
  5719 | D:7      | Found a snail-covered altar of Cheibriados.
  5806 | D:7      | Found a broken altar of Ashenzari.
  5809 | D:7      | 5809 ||| Stepping ~*~*~tactically~*~*~ (stealth).
  5815 | D:7      | Reached skill level 3 in Throwing
  5816 | D:7      | 5816 ||| Stepping ~*~*~tactically~*~*~ (stealth).
  5826 | D:7      | 5826 ||| Stepping ~*~*~tactically~*~*~ (stealth).
  5834 | D:7      | 5834 ||| Stepping ~*~*~tactically~*~*~ (outnumbered).
  6003 | D:7      | 6003 ||| Stepping ~*~*~tactically~*~*~ (stealth).
  6042 | D:7      | Found a glowing silver altar of Zin.
  6047 | D:7      | 6047 ||| Stepping ~*~*~tactically~*~*~ (outnumbered).
  6048 | D:7      | 6048 ||| Stepping ~*~*~tactically~*~*~ (outnumbered).
  6051 | D:7      | Reached skill level 12 in Unarmed Combat
  6057 | D:7      | Found a blossoming altar of Fedhas.
  6061 | D:7      | Found a shadowy altar of Dithmenos.
  6225 | D:8      | 6225 ||| INVOKING Fiery Armour.
  6226 | D:8      | 6226 ||| STAIRDANCE
  6230 | D:8      | 6230 ||| STAIRDANCE
  6285 | D:8      | 6285 ||| Stepping ~*~*~tactically~*~*~ (outnumbered).
  6286 | D:8      | 6286 ||| Stepping ~*~*~tactically~*~*~ (outnumbered).
  6287 | D:8      | 6287 ||| Stepping ~*~*~tactically~*~*~ (outnumbered).
  6382 | D:8      | 6382 ||| Stepping ~*~*~tactically~*~*~ (outnumbered).
  6442 | D:8      | 6442 ||| Stepping ~*~*~tactically~*~*~ (outnumbered).
  6443 | D:8      | 6443 ||| Stepping ~*~*~tactically~*~*~ (outnumbered).
  6448 | D:8      | Reached XP level 10. HP: 83/96 MP: 7/10
  6484 | D:8      | 6484 ||| Stepping ~*~*~tactically~*~*~ (stealth).
  6491 | D:8      | Reached skill level 13 in Unarmed Combat
  6492 | D:8      | 6492 ||| Stepping ~*~*~tactically~*~*~ (stealth).
  6548 | D:8      | 6548 ||| Stepping ~*~*~tactically~*~*~ (hiding).
  6597 | D:8      | 6597 ||| Stepping ~*~*~tactically~*~*~ (stealth).
  6644 | D:8      | Noticed a purple ugly thing
  6659 | D:8      | 6659 ||| INVOKING Fiery Armour.
  6659 | D:8      | Killed a purple ugly thing
  6769 | D:8      | 6769 ||| Stepping ~*~*~tactically~*~*~ (stealth).
  6770 | D:8      | 6770 ||| Stepping ~*~*~tactically~*~*~ (stealth).
  6773 | D:8      | 6773 ||| Stepping ~*~*~tactically~*~*~ (stealth).
  6792 | D:8      | 6792 ||| Stepping ~*~*~tactically~*~*~ (stealth).
  6809 | D:8      | 6809 ||| Stepping ~*~*~tactically~*~*~ (hiding).
  6896 | D:8      | 6896 ||| Stepping ~*~*~tactically~*~*~ (stealth).
  6974 | D:8      | 6974 ||| UPGRADING to ring of willpower.
  6975 | D:8      | 6975 ||| READING scroll labelled RUTEGU ELETU.
  7015 | D:8      | 7015 ||| READING scroll labelled ATAEMAJAFE.
  7015 | D:8      | Identified a scroll of acquirement
  7015 | D:8      | 7015 ||| ACQUIRING +1 cloak of stealth
  7015 | D:8      | Acquired a +1 cloak of stealth
  7017 | D:8      | 7017 ||| UPGRADING to +1 cloak of stealth.
  7022 | D:8      | 7022 ||| READING scroll labelled KUC LUAN UZAXT.
  7123 | D:8      | 7123 ||| READING 5 scrolls of identify.
  7123 | D:8      | 7123 ||| IDENTIFYING fizzy clear potion
  7124 | D:8      | 7124 ||| DROPPING potion of flight.
  7140 | D:9      | Noticed a two-headed ogre
  7142 | D:9      | 7142 ||| Stepping ~*~*~tactically~*~*~ (stealth).
  7144 | D:9      | 7144 ||| Stepping ~*~*~tactically~*~*~ (hiding).
  7149 | D:9      | Killed a two-headed ogre
  7150 | D:9      | Reached skill level 14 in Unarmed Combat
  7152 | D:9      | 7152 ||| FLEEEEING.
  7153 | D:9      | 7153 ||| FLEEEEING.
  7154 | D:9      | 7154 ||| STAIRDANCE
  7176 | D:9      | 7176 ||| STAIRDANCE
  7283 | D:9      | Found a runed translucent gate.
  7285 | D:9      | 7285 ||| Stepping ~*~*~tactically~*~*~ (stealth).
  7305 | D:9      | 7305 ||| INVOKING Fiery Armour.
  7331 | D:9      | 7331 ||| FLEEEEING.
  7337 | D:9      | 7337 ||| FLEEEEING.
  7338 | D:9      | 7338 ||| FLEEEEING.
  7339 | D:9      | 7339 ||| FLEEEEING.
  7340 | D:9      | 7340 ||| FLEEEEING.
  7341 | D:9      | 7341 ||| FLEEEEING.
  7342 | D:9      | 7342 ||| FLEEEEING.
  7343 | D:9      | 7343 ||| FLEEEEING.
  7344 | D:9      | 7344 ||| FLEEEEING.
  7345 | D:9      | 7345 ||| FLEEEEING.
  7346 | D:9      | 7346 ||| FLEEEEING.
  7347 | D:9      | 7347 ||| FLEEEEING.
  7349 | D:9      | 7349 ||| FLEEEEING.
  7350 | D:9      | 7350 ||| FLEEEEING.
  7351 | D:9      | 7351 ||| FLEEEEING.
  7353 | D:9      | 7353 ||| STAIRDANCE
  7367 | D:9      | 7367 ||| STAIRDANCE
  7376 | D:9      | 7376 ||| STAIRDANCE
  7393 | D:9      | 7393 ||| READING scroll of enchant armour.
  7393 | D:9      | 7393 ||| ENCHANTING +1 acid dragon scales.
  7411 | D:9      | Noticed Pikel
  7412 | D:9      | 7412 ||| Stepping ~*~*~tactically~*~*~ (stealth).
  7416 | D:9      | Killed Pikel
  7417 | D:9      | Reached skill level 6 in Fighting
  7432 | D:9      | Found a runed translucent gate.
  7432 | D:9      | Found a runed translucent gate.
  7437 | D:9      | Noticed qw's ghost (novice TeWr)
  7489 | D:9      | Found an opulent altar of Gozag.
  7584 | D:9      | Noticed a centaur warrior
  7584 | D:9      | Noticed a seven-headed hydra
  7585 | D:9      | 7585 ||| Stepping ~*~*~tactically~*~*~ (stealth).
  7588 | D:9      | 7588 ||| INVOKING Fiery Armour.
  7591 | D:9      | Noticed Joseph
  7593 | D:9      | Killed a centaur warrior
  7599 | D:9      | 7599 ||| Stepping ~*~*~tactically~*~*~ (outnumbered).
  7602 | D:9      | Killed a nine-headed hydra
  7603 | D:9      | Reached skill level 15 in Unarmed Combat
  7603 | D:9      | Reached XP level 11. HP: 67/106 MP: 5/11
  7604 | D:9      | 7604 ||| Stepping ~*~*~tactically~*~*~ (outnumbered).
  7612 | D:9      | Killed Joseph
  7617 | D:9      | 7617 ||| Stepping ~*~*~tactically~*~*~ (hiding).
  7617 | D:9      | Noticed a centaur warrior
  7618 | D:9      | 7618 ||| Stepping ~*~*~tactically~*~*~ (stealth).
  7619 | D:9      | 7619 ||| Stepping ~*~*~tactically~*~*~ (stealth).
  7620 | D:9      | 7620 ||| FLEEEEING.
  7621 | D:9      | 7621 ||| FLEEEEING.
  7622 | D:9      | 7622 ||| Stepping ~*~*~tactically~*~*~ (stealth).
  7626 | D:9      | Noticed a centaur warrior
  7632 | D:9      | Killed a centaur warrior
  7633 | D:9      | Reached skill level 3 in Armour
  7633 | D:9      | Noticed a five-headed hydra
  7637 | D:9      | HP: 13/106 [centaur warrior/arrow (18)]
  7638 | D:9      | 7638 ||| READING 2 scrolls of teleportation.
  7638 | D:9      | HP: 4/106 [centaur warrior/arrow (11)]
  7638 | D:9      | Shot with an arrow by a centaur warrior

Levels and vault maps discovered:
D:1:      minmay_arrival_four_loops, layout_basic, amethyst_killhole,
          dreamdust_princess_corridor
D:2:      layout_rooms, shapermc_ecumenical_altar_mp_urbaneastern, basic_altar,
          nrook_uturn
D:3:      layout_loops_cross, nicolae_overflow_ecumenical_swirl, serial_rivers,
          chequers_serial_rivers_room_a, chequers_serial_rivers_marsh,
          chequers_serial_rivers_large_a, chequers_serial_rivers_small_3,
          chequers_serial_rivers_room_b, uniq_ijyb, uniq_sigmund
D:4:      layout_layer_cave, nicolae_ru_sacrificial_ziggurat,
          nicolae_grassy_gnolls
D:5:      layout_basic, nzn_wu_jian_contemplation, minmay_temple_entry_hall,
          nicolae_underground_beach
D:6:      layout_loops_corners, ebering_ghost_sewer_d, minmay_misc_feat_tower,
          uniq_maggie
D:7:      layout_rooms, lemuel_doored_altar, kennysheep_slug_shrine,
          grunt_temple_overflow_diamond, chequers_garden
D:8:      layout_rooms, minmay_bent
D:9:      minmay_the_grid_square_5x5_4x4 [minmay_the_grid_square_5x5_bridge,
          minmay_the_grid_square_5x5_eight_small,
          minmay_the_grid_square_5x5_inverted_slash,
          minmay_the_grid_square_5x5_misaligned,
          minmay_the_grid_square_5x5_tetrominoes,
          minmay_the_grid_square_5x5_prize_deathbox,
          minmay_the_grid_square_5x5_prize_pseudospiral,
          minmay_the_grid_square_5x5_z, minmay_the_grid_square_5x5_beaten_path,
          minmay_the_grid_square_5x5_prize_snowflake,
          minmay_the_grid_square_5x5_prize_monsterx,
          minmay_the_grid_square_5x5_spiral,
          minmay_the_grid_square_5x5_broken_cross,
          minmay_the_grid_square_5x5_doubleslash,
          minmay_the_grid_square_5x5_bite, minmay_the_grid_square_5x5_one_wall],
          layout_loops_ring, marbit_many_paths, gammafunk_ghost_spectres,
          nicolae_zen_rock_garden, uniq_joseph, uniq_pikel

Skill      XL: |  1  2  3  4  5  6  7  8  9 10 11 |
---------------+----------------------------------+-----
Unarmed Combat | 4 6 8 9 11 12 15 | 15.1
Fighting       | 3 4 5 6 |  6.3
Throwing       | 1 2 3 4 |  4.0
Dodging        | 1 |  1.1
Armour         | 1 2 3 |  3.2
Spellcasting   | |  1.0
Fire Magic     | |  2.1

Action                   |  1- 3 |  4- 6 |  7- 9 | 10-12 || total
-------------------------+-------+-------+-------+-------++-------
Melee: Unarmed           |    84 |   121 |   246 |   150 ||   601
       Punch             |       |     2 |    15 |     5 ||    22
Throw: Javelin           |     9 |       |    25 |    13 ||    47
       Boomerang         |       |    40 |    30 |       ||    70
Invok: Fiery Armour      |       |     1 |     3 |     3 ||     7
  Use: Scroll            |     3 |     3 |    11 |     6 ||    23
       Potion            |       |     2 |       |       ||     2
Armor: Robe              |    36 |    43 |    17 |       ||    96
       Acid dragon scale |       |       |    40 |    64 ||   104
Dodge: Dodged            |    44 |    51 |    86 |    62 ||   243

Table legend:
 A = Non-vault XP
 B = Vault XP
 C = Vault XP percentage of total XP
 D = Non-vault monster count
 E = Vault monster count
 F = Vault count percentage of total count
                 A         B        C        D         E       F
            +---------+---------+-------+---------+---------+-------
      Total |    7083 |    6949 |  49.5 |     186 |      31 |  14.3
            +---------+---------+-------+---------+---------+-------
        D:1 |      42 |       0 |   0.0 |      17 |       0 |   0.0
        D:2 |      90 |       0 |   0.0 |      24 |       0 |   0.0
        D:3 |      55 |     262 |  82.6 |      17 |       2 |  10.5
        D:4 |     431 |      81 |  15.8 |      12 |       4 |  25.0
        D:5 |     977 |       0 |   0.0 |      30 |       0 |   0.0
        D:6 |     797 |     389 |  32.8 |      20 |       1 |   4.8
        D:7 |    1315 |       4 |   0.3 |      28 |       1 |   3.4
        D:8 |    1784 |    1132 |  38.8 |      27 |       8 |  22.9
        D:9 |    1592 |    5081 |  76.1 |      11 |      15 |  57.7
            +---------+---------+-------+---------+---------+-------
